 Dungeon Crawl Stone Soup version 0.31-a0-217-g58bb5d79cf (webtiles) character file.

Game seed: 7928153782249137384

308 qw the Shooter (level 6, -2/37 HPs)
             Began as a Gargoyle Hexslinger on July 2, 2023.
             Slain by an orc
             ... wielding a +0 war axe
              (7 damage)
             ... on level 4 of the Dungeon.
             The game lasted 00:01:07 (2346 turns).

qw the Shooter (Gargoyle Hexslinger)                Turns: 2346, Time: 00:01:08

Health: -2/37      AC: 11    Str: 12    XL:     6   Next: 40%
Magic:  0/7        EV: 11    Int: 13    God:
Gold:   129        SH:  0    Dex: 14    Spells: 6/7 levels left

rFire   . . .        Y - +1 sling
rCold   . . .        (no shield)
rNeg    + . .        h - +0 troll leather armour
rPois   inf          b - +1 helmet
rElec   +            (no cloak)
rCorr   .            g - +0 pair of gloves
SInv    .            (no boots)
Will    .....        f - amulet of guardian spirit
Stlth   +            (no ring)
HPRegen 1.06/turn    (no ring)
MPRegen 0.10/turn

%: guardian spirit
@: no status effects
A: sickness immunity, AC +4, negative energy resistance 1, electricity
resistance, torment resistance 1, petrification resistance
a: no special abilities


You were on level 4 of the Dungeon.
You visited 1 branch of the dungeon, and saw 4 of its levels.

You collected 129 gold pieces.


Innate Abilities, Weirdness & Mutations

You are immune to sickness and miasma.
Your stone body is resilient. (AC +4)
You are immune to poison.
You resist negative energy. (rN+)
You are resistant to electric shocks. (rElec)
You are resistant to unholy torment.
You are immune to petrification.


   Skills:
 - Level 3.0 Fighting
 + Level 5.7 Ranged Weapons
 - Level 1.4 Armour
 - Level 1.5 Dodging
 - Level 1.0 Spellcasting
 - Level 2.6 Hexes


You had 6 spell levels left.
You knew the following spells:

 Your Spells              Type           Power      Damage    Failure   Level
a - Slow                  Hex            28%        N/A       12%         1

Your spell library contained the following spells:

 Spells                   Type           Power      Damage    Failure   Level
 Inner Flame              Hex/Fire       4%         N/A       52%         3
 Portal Projectile        Hex/Tloc       8%         N/A       52%         3
 Cause Fear               Hex            3%         N/A       75%         4

Inventory:

Hand Weapons
 Y - a +1 sling (weapon)
Armour
 b - a +1 helmet (worn)
 g - a +0 pair of gloves (worn)
 h - a +0 troll leather armour (worn)
Jewellery
 f - an amulet of guardian spirit (around neck)
Scrolls
 a - a scroll of identify
Potions
 c - a potion of cancellation
 d - a potion of lignification {unknown}
 j - a potion of haste {unknown}
 k - a potion of enlightenment

Dungeon Overview and Level Annotations

Branches:
Dungeon (4/15)
 Temple: D:4-7

Altars:
Fedhas


Message History

The black bear misses you. The orc hits you with a +0 war axe.
An orc comes into view. It is wielding a +0 short sword.
The orc hits you with a +0 war axe.
The black bear bites you but does no damage.
The black bear claws you but does no damage.
The black bear barely misses you.
You shoot a sling bullet. The orc shouts! x2
The sling bullet hits the black bear.
The black bear is severely wounded.
The orc throws a boomerang.
The boomerang hits you but does no damage.
The orc hits you but does no damage.
The black bear goes berserk!
You shoot a sling bullet. The sling bullet hits the black bear.
The black bear is almost dead.
The black bear bites you. The black bear barely misses you.
The black bear misses you.
An orc comes into view. It is wielding a +0 flail.
The orc closely misses you.
An orc comes into view. It is wielding a +0 club.
The black bear bites you!
The black bear claws you but does no damage.
The black bear closely misses you.
You shoot a sling bullet. The orc shouts!
The sling bullet hits the black bear but does no damage.
The black bear is almost dead.
The black bear bites you!
The black bear claws you but does no damage. x2
The orc barely misses you.
You shoot a sling bullet.
The sling bullet closely misses the black bear.
The black bear bites you. The black bear barely misses you.
The black bear claws you. The orc closely misses you.
The black bear closely misses you. The black bear claws you.
The black bear misses you.
You shoot a sling bullet. The sling bullet hits the black bear!
You kill the black bear!
The orc hits you with a +0 war axe!
You die...

#.......## #......##
. ##....## ##..
###...# ##.).. ##..#
###......
##)#######........
###................
###..#######..#......
###..### ##@%......
##..### #o.......
...## #........ ....#
##....... ....#
.oo.... .....#


oo..... ........ ....##+ ........ ....# ......... You could see 5 orcs.

Vanquished Creatures
  An ice beast (D:3)
  A black bear (D:4)
  A hound (D:4)
  An orc wizard (D:3)
  Robin (D:2)
  6 adders
  A shadow imp (D:3)
  An ufetubus (D:4)
  4 dart slugs
  2 orcs
  5 ball pythons
  4 endoplasms
  3 giant cockroaches (D:3)
  8 goblins
  13 hobgoblins
  6 kobolds
  3 quokkas
  4 bats
  5 frilled lizards
  2 rats
72 creatures vanquished.

Notes
Turn   | Place    | Note
-------+----------+-------------------------------------------
     0 | D:1      | qw the Gargoyle Hexslinger began the quest for the Orb.
     0 | D:1      | Reached XP level 1. HP: 12/12 MP: 2/2
     0 | D:1      | 0 ||| qw: Version: 0.3-a-40-ge99b1a8
     0 | D:1      | 0 ||| qw: Game counter: 36
     0 | D:1      | 0 ||| qw: Melee chars always use a shield: true
     0 | D:1      | 0 ||| qw: God list: Okawaru
     0 | D:1      | 0 ||| qw: Allow faded altars: false
     0 | D:1      | 0 ||| qw: Do Orc after clearing Dungeon:15 true
     0 | D:1      | 0 ||| qw: Do second Lair branch before Depths: true
     0 | D:1      | 0 ||| qw: Lair rune preference: random
     0 | D:1      | 0 ||| qw: Goals: Normal
     0 | D:1      | 0 ||| PLANNING D:1-11
   103 | D:1      | Reached XP level 2. HP: 16/16 MP: 3/3
   208 | D:1      | Reached skill level 3 in Ranged Weapons
   345 | D:1      | Found a faded altar of an unknown god.
   363 | D:1      | Reached XP level 3. HP: 21/21 MP: 4/4
   703 | D:1      | 703 ||| UPGRADING to +0 troll leather armour.
   713 | D:1      | 713 ||| DROPPING +0 robe.
   714 | D:1      | 714 ||| UPGRADING to amulet of guardian spirit.
   719 | D:1      | 719 ||| READING 2 scrolls labelled UMEFRAOSTREB.
   720 | D:1      | 720 ||| READING scroll labelled TAESUO NEPO.
   721 | D:1      | 721 ||| READING scroll labelled ZOPPIORI FEYM.
   722 | D:1      | 722 ||| DROPPING scroll of poison.
   889 | D:2      | Noticed Robin
   899 | D:2      | Killed Robin
   900 | D:2      | Reached skill level 4 in Ranged Weapons
   900 | D:2      | Reached XP level 4. HP: 26/26 MP: 2/5
  1217 | D:2      | 1217 ||| UPGRADING to +0 helmet.
  1222 | D:2      | 1222 ||| DRINKING 2 metallic brown potions.
  1223 | D:2      | 1223 ||| READING 2 scrolls of identify.
  1223 | D:2      | 1223 ||| IDENTIFYING cyan potion
  1258 | D:3      | Found a blossoming altar of Fedhas.
  1415 | D:3      | Noticed an ice beast
  1444 | D:3      | HP: 4/26 [ice beast (7)]
  1445 | D:3      | 1445 ||| DRINKING potion of heal wounds.
  1452 | D:3      | Killed an ice beast
  1453 | D:3      | Reached skill level 5 in Ranged Weapons
  1453 | D:3      | Reached XP level 5. HP: 30/30 MP: 2/6
  1583 | D:3      | Reached XP level 6. HP: 36/36 MP: 5/7
  1787 | D:3      | 1787 ||| READING scroll of enchant armour.
  1787 | D:3      | 1787 ||| ENCHANTING +0 helmet.
  1879 | D:3      | Reached skill level 3 in Fighting
  1889 | D:3      | 1889 ||| UPGRADING to +0 pair of gloves.
  1894 | D:3      | 1894 ||| READING scroll labelled IREEWUGONU.
  1895 | D:3      | 1895 ||| READING scroll labelled NERANO HESON OKK.
  1996 | D:3      | 1996 ||| DRINKING 2 metallic grey potions.
  2076 | D:4      | Reached skill level 1 in Armour
  2328 | D:4      | Noticed a black bear
  2345 | D:4      | HP: 8/37 [black bear (2)]
  2346 | D:4      | Killed a black bear
  2346 | D:4      | Slain by an orc

Levels and vault maps discovered:
D:1:      psy_arrival_radial01, layout_basic, serial_forest,
          infiniplex_forest_clump_diagonal, infiniplex_forest_lined_ring,
          infiniplex_forest_lined_room_2, infiniplex_forest_straight_1,
          infiniplex_forest_straight_4, infiniplex_forest_clump_diagonal,
          infiniplex_forest_straight_2, infiniplex_forest_clump_curved,
          infiniplex_forest_lined_3_way, shapermc_ecumenical_altar_flowoftime
D:2:      layout_rooms, st_stairs_8, uniq_robin
D:3:      layout_rooms, mainiacjoe_overflow_cross_hatched,
          minmay_tree_intersection, minmay_divided_ellipse
D:4:      layout_cave_pods, jmf_multi_god_temple2, zin_angel,
          kb_xom_exploding_sheep

Skill      XL: |  1  2  3  4  5  6 |
---------------+-------------------+-----
Ranged Weapons | 3 4 5 |  5.7
Fighting       | 2 3 |  3.0
Armour         | 1 |  1.4
Dodging        | |  1.5
Spellcasting   | |  1.0
Hexes          | |  2.6

Action                     |  1- 3 |  4- 6 || total
---------------------------+-------+-------++-------
   Fire: Sling             |   114 |   202 ||   316
    Use: Scroll            |     3 |     4 ||     7
         Potion            |       |     3 ||     3
 Armour: Robe              |     7 |       ||     7
         Troll leather arm |    37 |    86 ||   123
  Dodge: Dodged            |    25 |   111 ||   136

Table legend:
 A = Non-vault XP
 B = Vault XP
 C = Vault XP percentage of total XP
 D = Non-vault monster count
 E = Vault monster count
 F = Vault count percentage of total count
                 A         B        C        D         E       F
            +---------+---------+-------+---------+---------+-------
      Total |     310 |     251 |  44.7 |      47 |      25 |  34.7
            +---------+---------+-------+---------+---------+-------
        D:1 |      36 |       0 |   0.0 |      18 |       0 |   0.0
        D:2 |      47 |      36 |  43.4 |      14 |      12 |  46.2
        D:3 |      34 |     215 |  86.3 |       8 |      13 |  61.9
        D:4 |     193 |       0 |   0.0 |       7 |       0 |   0.0
            +---------+---------+-------+---------+---------+-------
